 Dungeon Crawl Stone Soup version 0.17.0-24-gcfadda4 (webtiles) character file.

384 vatarom the Changer (level 6, 0/43 HPs)
             Began as an Octopode Transmuter on Nov 17, 2015.
             Shot with an arrow of flame by a centaur (3 damage)
             ... on level 5 of the Dungeon.
             The game lasted 00:08:41 (4431 turns).

vatarom the Changer (Octopode Transmuter)           Turns: 4431, Time: 00:08:41

Health: 0/43       AC:  1    Str: 11    XL:     6   Next: 77%
Magic:  6/9        EV: 13    Int: 16    God:
Gold:   168        SH:  0    Dex: 12    Spells: 3 memorised, 1 level left

rFire  . . .     SeeInvis +       - Unarmed
rCold  + . .     Clarity  .     (no shield)
rNeg   . . .     SustAt   +     (helmet restricted)
rPois  .         Gourm    .     (no amulet)
rElec  .         Spirit   .     d - ring of sustain attributes
rCorr  .         Warding  .     l - ring of flight
rMut   .         Stasis   .     (no ring)
MR     .....                    (no ring)
Stlth  ++........               (no ring)
                                (no ring)
                                (no ring)
                                (no ring)

@: not resistant to hostile enchantments, unstealthy
A: almost no armour, amphibious, 8 rings, constrict 8, camouflage 1, see
invisible, cold resistance 1, gelatinous body 1
a: Evoke Flight


You were on level 5 of the Dungeon.
You were not hungry.

You visited 1 branch of the dungeon, and saw 5 of its levels.

You collected 168 gold pieces.

Inventory:

Missiles
 a - 87 arrows
 n - 20 arrows of dispersal
Jewellery
 d - a ring of sustain attributes (left tentacle)
 l - a ring of flight (right tentacle)
Scrolls
 c - a scroll of remove curse
 e - 3 scrolls of identify
 h - 3 scrolls of enchant armour
Potions
 g - 2 potions of might
Books
 b - a book of Changes

   Spells                             Type                      Level
   a - Beastly Appendage              Transmutation                1
   b - Sticks to Snakes               Transmutation                2
   c - Spider Form                    Transmutation/Poison         3
   d - Ice Form                       Ice/Transmutation            4
   e - Blade Hands                    Transmutation                5
Comestibles
 f - 3 meat rations
 i - 3 bread rations
 j - a beef jerky
 k - 5 fruits


   Skills:
 * Level 3.7 Fighting
 - Level 4.0 Dodging
 - Level 3.0 Unarmed Combat
 - Level 2.0 Spellcasting
 + Level 4.6 Transmutations


You had one spell level left.
You knew the following spells:

 Your Spells              Type           Power        Failure   Level  Hunger
a - Beastly Appendage     Trmt           ###...       3%          1    #......
b - Spider Form           Trmt/Pois      #.........   28%         3    ###....
c - Ice Form              Ice/Trmt       #.......     85%         4    #####..


Dungeon Overview and Level Annotations

Branches:
Dungeon (5/15)
 Temple: D:4-7

Altars:
Gozag
Okawaru
Zin

Annotations:
D:3 Natasha


Innate Abilities, Weirdness & Mutations

You cannot wear most types of armour.
You are amphibious.
You can wear up to eight rings at the same time.
You can use your tentacles to constrict eight enemies at once.
Your skin changes colour to match your surroundings (Stealth).
Your rubbery body absorbs attacks (AC +1).
You have supernaturally acute eyesight.
Your flesh is cold resistant.


Message History

The centaur wields an uncursed shortbow of evasion.
The centaur shoots an arrow of flame.
The arrow of flame closely misses you.
Your transformation is almost over.
The centaur shoots an arrow of flame.
The arrow of flame barely misses you.
The centaur shoots an arrow of flame.
The arrow of flame barely misses you.
You see here 2 arrows of flame.
The centaur shoots an arrow of flame.
The arrow of flame hits you.
* * * LOW HITPOINT WARNING * * *
The arrow of flame burns you.
* * * LOW HITPOINT WARNING * * *
You see here an arrow of flame.
The centaur shoots an arrow of flame.
The arrow of flame completely misses you.
The centaur shoots an arrow of flame.
The arrow of flame completely misses you.
You see here 2 arrows of flame.
Your transformation has ended.
Your magical contamination has completely faded away.
The centaur shoots an arrow of flame.
The arrow of flame hits you.
You die...

..# .# #.# .#
#.# .# #.##.###
#.#....
.####)#..#
...5.....#
#########
#(#(####....@..#
#.(...##c#####.#
#.###.##.# #.#
#.# #.(..# #.#
#.###.##.# #.#
#.....##.#####.#
###.####.....<.#
#.# ####...##
#.# ###†#


You could see a centaur.

Vanquished Creatures
  2 orc priests (D:4)
  Natasha (D:3)
  2 iguanas (D:4)
  A hound skeleton (D:4)
  9 gnolls (D:2)
  5 adders
  A shadow imp (D:4)
  4 worms
  2 giant geckos
  4 orcs
  2 ball pythons (D:1)
  7 bats
  6 giant cockroaches
  12 goblins
  11 hobgoblins
  A jackal (D:2)
  9 kobolds
  A quokka (D:2)
  6 giant newts
  A jackal skeleton (D:4)
  10 rats
97 creatures vanquished.

Notes
Turn   | Place    | Note
--------------------------------------------------------------
     0 | D:1      | vatarom the Octopode Transmuter began the quest for the Orb.
     0 | D:1      | Reached XP level 1. HP: 13/13 MP: 3/3
   147 | D:1      | Reached XP level 2. HP: 12/18 MP: 3/5
   511 | D:1      | Reached XP level 3. HP: 23/23 MP: 6/6
   581 | D:1      | Learned a level 3 spell: Spider Form
  1201 | D:2      | Reached XP level 4. HP: 9/28 MP: 7/7
  1532 | D:2      | Gained mutation: Your flesh is cold resistant. [potion of mutation]
  1532 | D:2      | Gained mutation: You have supernaturally acute eyesight. [potion of mutation]
  1757 | D:2      | Reached XP level 5. HP: 31/33 MP: 4/8
  1834 | D:2      | Reached skill level 4 in Dodging
  1891 | D:2      | Learned a level 4 spell: Ice Form
  2319 | D:3      | Noticed Natasha
  2418 | D:3      | Found an opulent altar of Gozag.
  2418 | D:3      | Found a glowing silver altar of Zin.
  2477 | D:3      | Killed Natasha
  2922 | D:3      | Reached XP level 6. HP: 22/39 MP: 9/9
  3329 | D:3      | Noticed Natasha
  3843 | D:4      | Found an iron altar of Okawaru.
  4314 | D:5      | Entered Level 5 of the Dungeon
  4421 | D:5      | HP: 2/43 [centaur/arrow of flame (1)]
  4431 | D:5      | Shot with an arrow of flame by a centaur

Action                   |  1- 3 |  4- 6 || total
-------------------------+-------+-------++-------
Melee: Unarmed           |    83 |   197 ||   280
 Cast: Beastly Appendage |     8 |     6 ||    14
       Spider Form       |     1 |    11 ||    12
  Use: Scroll            |     3 |     5 ||     8
       Potion            |     2 |     3 ||     5
 Stab: Sleeping          |     2 |     8 ||    10
       Distracted        |       |     1 ||     1
  Eat: Meat ration       |     1 |     1 ||     2
       Bread ration      |     1 |       ||     1
       Fruit             |       |     2 ||     2
